 Dungeon Crawl Stone Soup version 0.23-a0-703-gdf2d5e0dd9 (webtiles) character file.

2914 Flugkiller the Nimble (level 9, 0/55 HPs)
             Began as a Deep Elf Chaos Knight on Jan 14, 2019.
             Was a Plaything of Xom.
             Slain by Harold
             ... wielding a +0 scimitar
              (18 damage)
             ... on level 7 of the Dungeon.
             The game lasted 00:17:51 (9819 turns).

Flugkiller the Nimble (Deep Elf Chaos Knight)       Turns: 9819, Time: 00:17:51

Health: 0/55       AC:  6    Str:  9    XL:     9   Next: 50%
Magic:  14/14      EV: 16    Int: 18    God:    Xom [..*...]
Gold:   541        SH:  0    Dex: 17    Spells: 8/12 levels left

rFire    . . .     SeeInvis .   u - +1 dagger (drain)
rCold    . . .     Gourm    +   (no shield)
rNeg     . . .     Faith    .   b - +2 leather armour
rPois    +         Spirit   .   q - +0 helmet
rElec    .         Reflect  .   (no cloak)
rCorr    .         Harm     .   (no gloves)
MR       .....                  (no boots)
Stlth    +.........             x - amulet of the gourmand
HPRegen  0.18/turn              G - ring of poison resistance
MPRegen  0.14/turn              (no ring)

@: about to teleport, heavily drained
A: icy blue scales 1, blink, deformed body
a: Blink, Renounce Religion


You were on level 7 of the Dungeon.
You worshipped Xom.
You were a toy of Xom.
You were very full.

You visited 1 branch of the dungeon, and saw 7 of its levels.
You also visited: Sewer and Ossuary.

You collected 541 gold pieces.

Inventory:

Hand Weapons
 a - a +0 short sword of chaos
 u - a +1 dagger of draining (weapon)
   (You took it off an orc wizard on level 3 of the Dungeon)
Missiles
 D - 2 throwing nets (quivered)
Armour
 b - a +2 leather armour (worn)
 q - a +0 helmet (worn)
   (You found it on level 3 of the Dungeon)
 t - a +0 shield
   (You took it off an orc on level 3 of the Dungeon)
Jewellery
 x - an amulet of the gourmand (around neck)
   (You found it on level 5 of the Dungeon)
 G - a ring of poison resistance (left hand)
   (You found it on level 7 of the Dungeon)
Scrolls
 d - 2 scrolls of magic mapping
 h - 5 scrolls of enchant weapon
 i - a scroll of fear
 n - a scroll of blinking
 p - 3 scrolls of amnesia
 w - a scroll of immolation {unknown}
 y - a scroll of random uselessness {unknown}
 E - a scroll of brand weapon {unknown}
Potions
 e - a potion of magic
 f - a potion of resistance
 j - a potion of ambrosia
 l - 2 potions of flight
 m - 3 potions of lignification
 o - a potion of agility {unknown}
 s - 5 potions of curing
 v - 2 potions of heal wounds
 z - 2 potions of brilliance
 A - 2 potions of berserk rage
 C - 3 potions of might {unknown}
Comestibles
 c - 21 rations


   Skills:
 - Level 6.1(4.3) Fighting
 + Level 6.2(4.4) Short Blades
 - Level 0.7(0.0) Armour
 + Level 9.5(7.4) Dodging
 - Level 1.7(0.1) Shields
 - Level 2.1(0.4) Spellcasting
 - Level 7.0(5.1) Hexes


You had 8 spell levels left.
You knew the following spells:

 Your Spells              Type           Power        Failure   Level  Hunger
a - Confusing Touch       Hex            ###...       3%          1    ##.....
b - Confuse               Hex            ###.....     11%         3    ####...

Your spell library contained the following spells:

 Spells                   Type           Power        Failure   Level  Hunger
 Gell's Gravitas          Tloc           #.........   65%         3    ####...
 Petrify                  Tmut/Erth      #.......     96%         4    #####..
 Metabolic Englaciation   Hex/Ice        #.........   96%         5    ######.
 Yara's Violent Unravell  Hex/Tmut       #.........   96%         5    ######.


Dungeon Overview and Level Annotations

Branches:
Dungeon (7/15)             Temple (0/1) D:6

Altars:
Ashenzari
Cheibriados
Dithmenos
Hepliaklqana
Kikubaaqudgha
Nemelex Xobeh
Okawaru
Ru
Trog
Vehumet
Xom
Yredelemnul
The Shining One

Annotations:
D:7 Duvessa, Harold


Innate Abilities, Weirdness & Mutations

You are partially covered in icy blue scales. (AC +2)
You can translocate small distances at will.
Armour fits poorly on your strangely shaped body.


Message History

The worker ant is moderately wounded.
The worker ant closely misses you.
You hit the worker ant. You drain the worker ant!
The worker ant is severely wounded.
The worker ant barely misses you.
You hit the worker ant but do no damage.
You drain the worker ant!
The worker ant is severely wounded.
The worker ant bites you.
You hit the worker ant but do no damage.
The worker ant is severely wounded.
The worker ant bites you but does no damage.
You hit the worker ant but do no damage.
The worker ant is severely wounded.
The worker ant bites you.
You are poisoned.
The worker ant poisons you!
You hit the worker ant but do no damage.
You drain the worker ant!
The worker ant is almost dead.
You feel sick. The worker ant closely misses you.
You hit the worker ant but do no damage.
You drain the worker ant!
You kill the worker ant!
No target in view!
No target in view!
Harold the Weathered comes into view.
He is wielding a +0 scimitar and carrying a wand of polymorph (8).
Harold shouts!
Harold throws a throwing net.
The throwing net hits you.
You become entangled in the net!
You see here a throwing net.
You struggle against the net.
You feel sick.
You are no longer poisoned.
You struggle against the net.
Harold zaps a wand.
You easily resist.
You tear a large gash into the net.
Unknown command.
You rip the net and break free!
Harold throws a throwing net.
The throwing net hits you.
You become entangled in the net!
Unknown command.
You struggle against the net.
You tear a large gash into the net.
Harold hits you with a +0 scimitar!!
* * * LOW HITPOINT WARNING * * *
You rip the net and break free!
Unknown command.
As you read the scroll of teleportation, it crumbles to dust.
You feel strangely unstable. Harold hits you with a +0 scimitar!!
You die...
Xom laughs nastily!

.....).....#
...........#
.).........##
.......##...##
......#####..##
.....## ##..##
.....# ##..##
.....## ##..##
......# ##.@#
#######
#..@....#
##...#### #####


You could see Harold.

Vanquished Creatures
  Pikel (D:6)
  A sky beast (D:4)
  6 ogres
  A big kobold (Sewer)
  3 bullfrogs (D:7)
  Dowan (D:7)
  5 wights
  A crimson imp (D:6)
  3 hounds
  2 centaur zombies
  A centaur skeleton (D:4)
  5 orc priests
  Ijyb (D:4)
  2 iguanas
  6 orc wizards
  4 worker ants
  2 hound skeletons
  8 mummies (Ossuary)
  A worker ant zombie (D:7)
  3 adders
  11 gnolls
  3 river rats (D:4)
  A shadow imp (D:5)
  2 oozes
  2 worms (D:2)
  5 dart slugs
  5 leopard geckos
  23 orcs
  7 ball pythons
  8 giant cockroaches
  9 goblins
  9 hobgoblins
  6 jackals
  11 kobolds
  A quokka (D:4)
  18 bats
  A frilled lizard (D:1)
  A gnoll zombie (Ossuary)
  A hobgoblin zombie (Ossuary)
  A kobold zombie (Ossuary)
  5 orc zombies (Ossuary)
  A quokka zombie (D:6)
  14 rats
202 creatures vanquished.

Vanquished Creatures (collateral kills)
  4 slaves (D:6)
  2 ogres
  A crimson imp (D:5)
  An orc priest (D:3)
  2 orc wizards (D:3)
  A worm (D:4)
  3 orcs
14 creatures vanquished.

Vanquished Creatures (others)
  A kobold (D:1)
1 creature vanquished.

Grand Total: 217 creatures vanquished

Notes
Turn   | Place    | Note
-------+----------+-------------------------------------------
     0 | D:1      | Flugkiller the Deep Elf Chaos Knight began the quest for
                  | the Orb.
     0 | D:1      | Reached XP level 1. HP: 13/13 MP: 3/3
     3 | D:1      | XOM: harmless Hex miscast
    37 | D:1      | XOM: potion effect (berserk rage)
    73 | D:1      | XOM: silly message
    80 | D:1      | Reached XP level 2. HP: 14/18 MP: 4/4
   772 | D:1      | Reached XP level 3. HP: 17/22 MP: 5/5
   946 | D:1      | XOM: harmless Necr miscast
  1093 | D:2      | Found a faded altar of an unknown god.
  1093 | D:2      | Found a hazy altar of Hepliaklqana.
  1100 | D:2      | Found a snail-covered altar of Cheibriados.
  1105 | D:2      | Found a sacrificial altar of Ru.
  1106 | D:2      | Found an iron altar of Okawaru.
  1371 | D:2      | XOM: mild Hex miscast
  1547 | D:1      | XOM is BORED!
  1547 | D:1      | XOM: harmless Hex miscast
  1608 | D:2      | Reached XP level 4. HP: 24/27 MP: 6/6
  1665 | D:2      | Reached skill level 5 in Short Blades
  1824 | D:2      | Found a glowing golden altar of the Shining One.
  1940 | D:2      | XOM: divination: detect creatures
  1983 | D:2      | Reached skill level 3 in Dodging
  2226 | D:2      | Found a sparkling altar of Nemelex Xobeh.
  2384 | D:3      | XOM: potion effect (brilliance)
  2385 | D:3      | Reached XP level 5. HP: 22/32 MP: 7/7
  2560 | D:3      | Reached skill level 4 in Dodging
  2672 | D:3      | XOM: scenery: create altars
  2717 | D:3      | XOM: cast spell 'Summon Butterflies'
  2723 | D:3      | XOM: summons 5 friendly demons
  2733 | D:3      | XOM: 5-stop teleportation journey
  2775 | D:3      | XOM: butterfly on damage
  2993 | D:3      | XOM: give mutations
  2993 | D:3      | Gained mutation: You can translocate small distances at
                  | will. [Xom's grace]
  2993 | D:3      | Gained mutation: You evolve. [Xom's grace]
  2993 | D:3      | Gained mutation: You have a pair of small horns on your
                  | head. [Xom's grace]
  3006 | D:3      | XOM: cloud trail
  3149 | D:3      | XOM: fog
  3151 | D:3      | Reached XP level 6. HP: 29/37 MP: 8/8
  3300 | D:3      | XOM: cast spell 'Call Canine Familiar'
  3326 | D:3      | Reached skill level 1 in Shields
  3370 | D:3      | XOM: give mutations
  3370 | D:3      | Gained mutation: You have a pair of horns on your head.
                  | [Xom's grace]
  3370 | D:3      | Gained mutation: You have a pair of large horns on your
                  | head. [Xom's grace]
  3370 | D:3      | Gained mutation: You have an increased reservoir of magic.
                  | (+10% MP) [Xom's grace]
  3433 | D:4      | Found a bloodstained altar of Trog.
  3433 | D:4      | Found a shattered altar of Ashenzari.
  3437 | D:4      | XOM: enchant monster (good)
  3438 | D:4      | XOM: summons friendly crimson imp
  3439 | D:4      | XOM: potion effect (heal wounds)
  3459 | D:4      | Reached skill level 5 in Dodging
  3502 | D:4      | Learned a level 1 spell: Confusing Touch
  3522 | D:4      | Gained mutation: You have very sharp teeth. [evolution]
  3522 | D:4      | Lost mutation: You evolve. [end of evolution]
  3548 | D:4      | Found a shadowy altar of Dithmenos.
  3638 | D:4      | XOM: summons 6 friendly demons
  3642 | D:4      | Reached skill level 1 in Spellcasting
  3642 | D:4      | Reached skill level 1 in Hexes
  3642 | D:4      | Reached XP level 7. HP: 43/43 MP: 8/11
  3752 | D:4      | Noticed Ijyb
  3753 | D:4      | classic ijyb with acid wand
  3768 | D:4      | XOM: smoke on damage
  3770 | D:4      | Killed Ijyb
  4058 | D:4      | Found a glowing drain.
  4074 | Sewer    | Entered a sewer
  4150 | Sewer    | XOM: potion effect (invisibility)
  4158 | Sewer    | XOM: summons 2 friendly demons
  4206 | Sewer    | Found a white marble altar of Elyvilon.
  4296 | D:4      | XOM: scenery: create altars
  4325 | D:4      | Learned a level 3 spell: Confuse
  4371 | D:4      | Found a sparkling altar of Nemelex Xobeh.
  4417 | D:4      | XOM: give mutation
  4417 | D:4      | Gained mutation: You are partially covered in icy blue
                  | scales. (AC +2) [Xom's grace]
  4575 | D:4      | XOM: fog
  4697 | D:4      | XOM: god gift: scroll labeled WERIWI ZICOPS {god gift}
  4717 | D:5      | Entered Level 5 of the Dungeon
  4761 | D:4      | Reached skill level 6 in Dodging
  4975 | D:5      | XOM: cast spell 'Leda's Liquefaction'
  4985 | D:5      | Reached XP level 8. HP: 26/48 MP: 14/14
  5015 | D:5      | XOM: enchant monster (good)
  5044 | D:5      | XOM: summons friendly quasit
  5057 | D:5      | Got an ancient leather armour
  5068 | D:5      | Identified the cursed +0 leather armour of the Game of Life
                  | {*Drain +Fly rElec Regen+} (You found it on level 5 of the
                  | Dungeon)
  5093 | D:5      | Found a sand-covered staircase.
  5107 | Ossuary  | Entered an ossuary
  5156 | Ossuary  | XOM: scenery: create altars
  5160 | Ossuary  | XOM: 3-stop teleportation journey
  5170 | Ossuary  | Reached skill level 5 in Fighting
  5625 | D:5      | XOM: god gift: scroll of enchant weapon
  5665 | D:5      | XOM: draining
  5758 | D:6      | Found an ancient bone altar of Kikubaaqudgha.
  5765 | D:6      | XOM: divination: detect creatures
  6057 | D:6      | XOM: enchant monster (good)
  6061 | D:6      | Reached skill level 7 in Dodging
  6061 | D:6      | Reached skill level 5 in Hexes
  6097 | D:6      | XOM: chaos upgrade
  6278 | D:6      | XOM: divination: detect items
  6420 | D:6      | Noticed Pikel
  6694 | D:6      | Found a sacrificial altar of Ru.
  6714 | D:6      | XOM: potion effect (berserk rage)
  6716 | D:6      | XOM: cast spell 'Discord'
  6718 | D:6      | Killed Pikel
  6718 | D:6      | Reached skill level 8 in Dodging
  6946 | D:6      | XOM is BORED!
  7041 | D:6      | Found a radiant altar of Vehumet.
  7041 | D:6      | Found a staircase to the Ecumenical Temple.
  7063 | D:6      | Reached XP level 9. HP: 50/55 MP: 15/15
  7328 | D:7      | XOM: enchant monster (good)
  7409 | D:7      | XOM: fake destruction
  7424 | D:7      | XOM: smoke on damage
  7442 | D:6      | XOM: smoke on damage
  7665 | D:6      | XOM: give mutations
  7665 | D:6      | Lost mutation: You have very sharp teeth. [Xom's mischief]
  7665 | D:6      | Lost mutation: You have a pair of large horns on your head.
                  | [Xom's mischief]
  7673 | D:7      | XOM: smoke on damage
  7877 | D:7      | XOM: harmless Erth miscast
  8052 | D:7      | Found a basalt altar of Yredelemnul.
  8131 | D:7      | XOM: mild Tmut miscast
  8146 | D:7      | XOM: mild Summ miscast
  8377 | D:7      | Noticed Duvessa
  8393 | D:7      | XOM: mild Hex miscast
  8397 | D:7      | Reached skill level 9 in Dodging
  8397 | D:7      | XOM: give mutations
  8397 | D:7      | Lost mutation: You have a pair of horns on your head.
                  | [Xom's mischief]
  8397 | D:7      | Gained mutation: Armour fits poorly on your strangely
                  | shaped body. [Xom's mischief]
  8397 | D:7      | Lost mutation: You have a pair of small horns on your head.
                  | [Xom's mischief]
  8533 | D:6      | XOM: swap monsters
  9154 | D:7      | XOM: give mutations
  9154 | D:7      | Lost mutation: You have an increased reservoir of magic.
                  | (+10% MP) [Xom's mischief]
  9154 | D:7      | Gained mutation: You are clumsy. (Dex -2) [Xom's mischief]
  9154 | D:7      | Lost mutation: You are clumsy. (Dex -2) [Xom's mischief]
  9167 | D:7      | XOM: butterfly on damage
  9417 | D:7      | Noticed Dowan
  9429 | D:7      | XOM: harmless Tmut miscast
  9493 | D:7      | Killed Dowan
  9616 | D:7      | XOM: noise
  9617 | D:7      | XOM: medium Ice miscast
  9632 | D:7      | XOM: torment (16/55 hp)
  9759 | D:7      | XOM: divination: detect creatures
  9811 | D:7      | Noticed Harold
  9819 | D:7      | Slain by Harold

Vault maps used:
D:1:      dpeg_arrival_erosion
D:2:      tso_altar, chequers_temple_overflow_minitemple, first_ration,
          minmay_misc_feat_columns, hangedman_decor_growths,
          roderic_roman_lattice, nemelex_dance_club_becter
D:4:      overflow_temple_1_default, lemuel_crystal_altar,
          chequers_temple_overflow_statue_of_worship, portal_sewer_entry_e,
          uniq_ijyb
D:5:      nicolae_ossuary_entry_ruins, minmay_strange_pillars,
          hangedman_decor_riveting
D:6:      fiery_altar_vehumet, minmay_temple_entry_mist, basic_altar,
          nicolae_ru_path_of_blood, uniq_pikel
D:7:      lemuel_crystal_altar, grunt_ogre_cave, kennysheep_nub, uniq_duvessa,
          uniq_harold
Sewer:    sewer_kobolds
Ossuary:  ossuary_tomb_3

Skill      XL: |  1  2  3  4  5  6  7  8  9 |
---------------+----------------------------+-----
Short Blades   | 4 5 6 |  6.2
Dodging        | 3 4 5 6 8 9 |  9.5
Fighting       | 3 4 6 |  6.1
Shields        | 1 |  1.7
Spellcasting   | 1 2 |  2.1
Hexes          | 1 3 6 7 |  7.0
Armour         | |  0.7

Action                   |  1- 3 |  4- 6 |  7- 9 || total
-------------------------+-------+-------+-------++-------
Melee: Short sword       |   129 |   187 |       ||   316
       Headbutt          |       |     7 |   104 ||   111
       Dagger            |       |    56 |   676 ||   732
       Bite              |       |     2 |    56 ||    58
       Unarmed           |       |       |    13 ||    13
 Cast: Confusing Touch   |       |       |     8 ||     8
Evoke: Wand              |       |       |     4 ||     4
  Use: Scroll            |       |     6 |    14 ||    20
       Potion            |       |       |     6 ||     6
 Stab: Confused          |       |     3 |     8 ||    11
       Petrifying        |       |     2 |       ||     2
       Sleeping          |       |     3 |     1 ||     4
       Paralysed         |       |     1 |     2 ||     3
       Distracted        |       |       |     1 ||     1
  Eat: Chunk             |     2 |     7 |    24 ||    33
       Ration            |       |       |     1 ||     1
Armor: Leather armour    |    54 |    51 |    88 ||   193
       Skin              |       |       |     8 ||     8
Dodge: Dodged            |   107 |   149 |   376 ||   632
Block: Shield            |       |    11 |       ||    11

Table legend:
 A = Non-vault XP
 B = Vault XP
 C = Vault XP percentage of total XP
 D = Non-vault monster count
 E = Vault monster count
 F = Vault count percentage of total count
                 A         B        C        D         E       F
            +---------+---------+-------+---------+---------+-------
      Total |    2991 |    1173 |  28.2 |     173 |      40 |  18.8
            +---------+---------+-------+---------+---------+-------
        D:1 |      79 |       0 |   0.0 |      30 |       0 |   0.0
        D:2 |      92 |       9 |   8.9 |      30 |       2 |   6.2
        D:3 |     291 |       0 |   0.0 |      33 |       0 |   0.0
        D:4 |     678 |      83 |  10.9 |      26 |       9 |  25.7
        D:5 |     305 |       0 |   0.0 |      12 |       0 |   0.0
        D:6 |     709 |     641 |  47.5 |      26 |       1 |   3.7
        D:7 |     837 |     187 |  18.3 |      16 |       2 |  11.1
      Sewer |       0 |     109 | 100.0 |       0 |      10 | 100.0
    Ossuary |       0 |     144 | 100.0 |       0 |      16 | 100.0
            +---------+---------+-------+---------+---------+-------
